 Dungeon Crawl Stone Soup version 0.30.1-11-g7821555f0a (webtiles) character file.

Game seed: 10689644194522960462

2430 Seranon the Chopper (level 9, -2/61 HPs)
             Began as a Demonspawn Gladiator on Dec 30, 2023.
             Succumbed to a gnoll sergeant's poison
             ... on level 6 of the Dungeon.
             The game lasted 00:28:20 (5398 turns).

Seranon the Chopper (Demonspawn Gladiator)          Turns: 5398, Time: 00:28:20

Health: -2/61      AC:  9    Str: 14    XL:     9   Next: 24%
Magic:  7/16       EV: 13    Int: 19    God:
Gold:   343        SH:  0    Dex: 18    Spells: 10/17 levels left

rFire   + . .        r - +2 hand axe (elec)
rCold   + . .        (no shield)
rNeg    . . .        t - +2 robe {rC+ rF+}
rPois   .            x - +2 hat
rElec   +            l - +0 cloak
rCorr   +            (no gloves)
SInv    .            (no boots)
Will    .....        j - amulet of the acrobat
Stlth   ++           i - +6 ring of dexterity
HPRegen 0.30/turn    k - ring "Loakko" {rElec rCorr Int+5 Dex-3}
MPRegen 0.15/turn

%: acrobat
@: mighty, lethally poisoned (-2 -> -41)
A: claws 2, icy blue scales 1, demonic guardian 1, powered by pain 1
a: no special abilities


You were on level 6 of the Dungeon.
You visited 1 branch of the dungeon, and saw 6 of its levels.

You collected 343 gold pieces.

Inventory:

Hand Weapons
 a - a +1 war axe
 r - a +2 hand axe of electrocution (weapon)
Missiles
 d - 3 throwing nets
 e - a javelin
Armour
 l - a +0 cloak (worn)
 t - a +2 robe of resistance (worn)
 x - a +2 hat (worn)
 y - a +1 leather armour of cold resistance
Jewellery
 i - a +6 ring of dexterity (left claw)
 j - an amulet of the acrobat (around neck)
 k - the ring "Loakko" (right claw) {rElec rCorr Int+5 Dex-3}
   (You found it on level 3 of the Dungeon)

   [ring of resist corrosion]

   Int:       It affects your intelligence (+5).
   Dex:       It affects your dexterity (-3).
   rElec:     It insulates you from electricity.
   rCorr:     It protects you from acid and corrosion.
 q - a ring of protection from cold
Wands
 b - a wand of digging (3)
 n - a wand of iceblast (1)
 w - a wand of flame (15)
Scrolls
 c - a scroll of enchant weapon
 m - a scroll of teleportation
 u - a scroll of fog {unknown}
Potions
 f - a potion of heal wounds
 g - a potion of resistance {unknown}
 h - a potion of mutation {unknown}
 o - a potion of brilliance {unknown}
 p - a potion of ambrosia
 s - a potion of attraction
 v - a potion of magic {unknown}


   Skills:
 - Level 2.0 Fighting
 + Level 7.3 Axes
 - Level 1.7 Throwing
 - Level 2.6 Dodging
 + Level 4.7 Spellcasting
 - Level 6.0 Conjurations
 + Level 2.8 Necromancy
 - Level 4.3 Earth Magic


You had 10 spell levels left.
You knew the following spells:

 Your Spells              Type           Power      Damage    Failure   Level
a - Stone Arrow           Conj/Erth      48%        3d10      4%          3
b - Sublimation of Blood  Necr           15%        N/A       6%          2
c - Wereblood             Tmut           4%         N/A       19%         2

Your spell library contained the following spells:

 Spells                   Type           Power      Damage    Failure   Level
 Kiss of Death            Conj/Necr      84%        2d11      1%          1
 Sandblast                Erth           40%        2d10      2%          1
 Passwall                 Tmut/Erth      10%        N/A       8%          2
 Dazzling Flash           Conj/Hex       30%        N/A       11%         3
 Vampiric Draining        Necr           15%        2d7       12%         3
 Slow                     Hex            16%        N/A       13%         1
 Scorch                   Fire           8%         2d5       19%         2
 Confusing Touch          Hex            4%         N/A       36%         3
 Dispel Undead            Necr           15%        3d10      36%         4
 Flame Wave               Conj/Fire      15%        2d7       36%         4
 Agony                    Necr           15%        N/A       73%         5
 Silence                  Hex/Air        2%         N/A       98%         5
 Summon Cactus Giant      Summ           2%         N/A       100%        6
 Summon Hydra             Summ           2%         N/A       100%        7


Dungeon Overview and Level Annotations

Branches:
Dungeon (6/15)
 Temple: D:4-7

Altars:
Ashenzari
Gozag
Qazlal
Trog
Xom
Yredelemnul

Shops:
D:4 *

Annotations:
D:3 1 runed translucent door, Winsalot's ghost, amateur GnWn


Innate Abilities, Weirdness & Mutations

You have very sharp fingernails.
You are partially covered in icy blue scales. (AC +2)
A weak demonic guardian rushes to your aid.
You sometimes gain a little power by taking damage.


Message History

The gnoll sergeant is lightly wounded.
You feel very sick. The gnoll sergeant misses you.
You hit the gnoll sergeant but do no damage.
The gnoll sergeant is lightly wounded.
You feel very sick.
The gnoll sergeant hits you with a +0 trident of venom.
You are more poisoned.
You hit the gnoll sergeant but do no damage.
The gnoll sergeant is lightly wounded.
You feel very sick.
The gnoll sergeant hits you with a +0 trident of venom!
You focus on the pain.
You feel very mighty all of a sudden.
Aiming: Stone Arrow (dangerous; 4% risk of failure)
Press: ? - help, Q - select action, (/) - cycle Shift-Dir - straight line, f - gnoll sergeant
Aim: a gnoll sergeant, wielding a +0 trident of venom and wearing a +0 scale mail (lightly wounded, 79% to hit)
The stone arrow hits the gnoll sergeant!
The gnoll sergeant is severely wounded.
You feel very sick.
The gnoll sergeant hits you with a +0 trident of venom.
* * * LOW HITPOINT WARNING * * *
You are lethally poisoned!
Aiming: Stone Arrow (dangerous; 4% risk of failure)
Press: ? - help, Q - select action, (/) - cycle Shift-Dir - straight line, f/p - gnoll sergeant
Aim: a gnoll sergeant, wielding a +0 trident of venom and wearing a +0 scale mail (severely wounded, 79% to hit)
The stone arrow hits the gnoll sergeant.
The gnoll sergeant is almost dead.
* * * LOW HITPOINT WARNING * * *
You feel very sick.
The gnoll sergeant hits you with a +0 trident of venom.
* * * LOW HITPOINT WARNING * * *
A demonic guardian appears!
You are more poisoned.
Aiming: Stone Arrow (dangerous; 4% risk of failure)
Press: ? - help, Q - select action, (/) - cycle Shift-Dir - straight line, f/p - gnoll sergeant
Aim: a gnoll sergeant, wielding a +0 trident of venom and wearing a +0 scale mail (almost dead, ally target, 79% to hit)
The stone arrow hits the gnoll sergeant.
You kill the gnoll sergeant!
You die... ######## #...... .gg

#.....# ..g
#.....+ ...g
#.....# .....
#.....#####
...gg##
#.........
.......
#.@.5.....
......g
+.).......
......g
#.........
.......
........##
####...
......(..#
#...
..........#
+...
...........#
#...
....#########
#... #...


You could see a friendly white imp (summoned).

Vanquished Creatures
  Pikel (D:4)
  Sigmund (D:4)
  Eustachio (D:5)
  Menkaure (D:5)
  A water moccasin (D:5)
  An ice beast (D:5)
  A black bear (D:5)
  3 lemures (D:4)
  2 phantoms
  Blork the orc (D:4)
  A gnoll sergeant (D:6)
  4 scorpions
  3 wights (D:5)
  A centaur zombie (D:5)
  A human zombie (D:5)
  2 orc priests (D:4)
  An iguana (D:5)
  Ijyb (D:5)
  2 orc wizards
  A scorpion zombie (D:5)
  2 sleepcaps (D:5)
  2 killer bee zombies (D:5)
  A hound zombie (D:5)
  2 mummies (D:5)
  4 gnolls
  4 adders
  A shadow imp (D:5)
  An ufetubus (D:6)
  3 worms
  3 dart slugs
  7 orcs
  7 ball pythons
  11 endoplasms
  3 giant cockroaches
  12 goblins
  3 hobgoblins
  5 jackals
  4 quokkas
  3 bats
  5 frilled lizards
  11 kobolds
  3 rats (D:2)
127 creatures vanquished.

Vanquished Creatures (collateral kills)
  A howler monkey zombie (D:5)
1 creature vanquished.

Vanquished Creatures (others)
  An orc wizard (D:4)
1 creature vanquished.

Grand Total: 129 creatures vanquished

Notes
Turn   | Place    | Note
-------+----------+-------------------------------------------
     0 | D:1      | Seranon the Demonspawn Gladiator began the quest for the
                  | Orb.
     0 | D:1      | Reached XP level 1. HP: 16/16 MP: 1/1
   204 | D:1      | Reached skill level 3 in Axes
   204 | D:1      | Reached skill level 1 in Spellcasting
   204 | D:1      | Gained mutation: You have sharp fingernails. [demonic
                  | ancestry]
   204 | D:1      | Reached XP level 2. HP: 22/22 MP: 3/3
   514 | D:2      | Found a shimmering altar of Xom.
   561 | D:2      | Gained mutation: You are partially covered in icy blue
                  | scales. (AC +2) [demonic ancestry]
   561 | D:2      | Reached XP level 3. HP: 22/27 MP: 5/5
   711 | D:2      | Learned a level 3 spell: Stone Arrow
   948 | D:2      | Reached skill level 1 in Conjurations
   948 | D:2      | Reached XP level 4. HP: 28/33 MP: 6/6
   958 | D:2      | Reached skill level 1 in Earth Magic
  1228 | D:2      | Found a faded altar of an unknown god.
  1416 | D:3      | Found a runed translucent door.
  1431 | D:3      | Noticed a bullfrog
  1433 | D:3      | Noticed Winsalot's ghost (amateur GnWn)
  1462 | D:3      | Identified the ring "Loakko" {rElec rCorr Int+5 Dex-3}
  1506 | D:3      | Found a bloodstained altar of Trog.
  1576 | D:3      | Noticed a scorpion
  1927 | D:3      | Killed a scorpion
  1928 | D:3      | Reached skill level 4 in Axes
  1928 | D:3      | Gained mutation: You have very sharp fingernails. [demonic
                  | ancestry]
  1928 | D:3      | Reached XP level 5. HP: 29/38 MP: 7/7
  2373 | D:4      | Noticed Sigmund
  2415 | D:4      | Killed Sigmund
  2416 | D:4      | Gained mutation: A weak demonic guardian rushes to your
                  | aid. [demonic ancestry]
  2416 | D:4      | Reached XP level 6. HP: 44/44 MP: 8/8
  2481 | D:4      | Found Rorihyl's Gadget Gallery.
  2589 | D:4      | Noticed Blork the orc
  2602 | D:4      | Killed Blork the orc
  2643 | D:4      | Noticed Pikel
  2669 | D:4      | Killed Pikel
  2670 | D:4      | Reached skill level 5 in Axes
  2670 | D:4      | Reached XP level 7. HP: 29/50 MP: 9/9
  2997 | D:4      | Gained mutation: You sometimes gain a little power by
                  | taking damage. [demonic ancestry]
  2997 | D:4      | Reached XP level 8. HP: 44/56 MP: 0/10
  3217 | D:4      | Found a broken altar of Ashenzari.
  3227 | D:4      | Learned a level 2 spell: Sublimation of Blood
  3230 | D:4      | Learned a level 2 spell: Wereblood
  3367 | D:5      | Entered Level 5 of the Dungeon
  3382 | D:5      | Reached skill level 5 in Conjurations
  3464 | D:5      | Reached skill level 6 in Axes
  3778 | D:5      | Noticed Eustachio
  3810 | D:5      | Killed Eustachio
  4180 | D:5      | Noticed Ijyb
  4195 | D:5      | Killed Ijyb
  4486 | D:5      | Reached skill level 1 in Necromancy
  4491 | D:5      | Reached skill level 7 in Axes
  4571 | D:5      | Reached XP level 9. HP: 61/61 MP: 11/15
  4571 | D:5      | Found a basalt altar of Yredelemnul.
  4873 | D:5      | Noticed Menkaure
  4889 | D:5      | Killed Menkaure
  4947 | D:5      | Found an opulent altar of Gozag.
  4950 | D:5      | Found a stormy altar of Qazlal.
  5398 | D:6      | Succumbed to a gnoll sergeant's poison

Illustrated notes

Levels and vault maps discovered:
D:1:      mrwooster_arrival_statue_2, layout_rooms
D:2:      layout_rooms, basic_altar, shapermc_ecumenical_altar_mp_vishouse,
          grunt_ministairs_1
D:3:      layout_basic, trog_three_pillars_becter, ebering_ghost_sewer_d
D:4:      layout_loops_ring, mainiacjoe_overflow_alcove_4, nicolae_shop_gadgets,
          uniq_blork_the_orc, uniq_pikel, uniq_sigmund
D:5:      layout_basic, lemuel_mausoleum_altar_yredelemnul,
          nicolae_overflow_hidden_temple, nicolae_overflow_crystal_walls,
          grunt_decor_resistance, uniq_eustachio, uniq_menkaure, uniq_ijyb
D:6:      layout_gridville, vehumet_crystals, minmay_temple_entry_butterflies

Skill      XL: |  1  2  3  4  5  6  7  8  9 |
---------------+----------------------------+-----
Axes           | 3 4 5 7 |  7.3
Spellcasting   | 1 4 |  4.7
Conjurations   | 1 2 3 4 6 |  6.0
Earth Magic    | 1 2 4 |  4.3
Necromancy     | 1 2 |  2.8
Fighting       | |  2.0
Throwing       | |  1.7
Dodging        | |  2.6

Action                     |  1- 3 |  4- 6 |  7- 9 || total
---------------------------+-------+-------+-------++-------
  Melee: War axe           |    83 |   107 |       ||   190
         Punch             |       |     3 |     1 ||     4
         Hand axe          |       |    41 |   154 ||   195
   Cast: Stone Arrow       |       |       |    38 ||    38
  Evoke: Wand              |       |     5 |       ||     5
    Use: Scroll            |     1 |     2 |     5 ||     8
         Potion            |       |     2 |     2 ||     4
   Stab: Sleeping          |       |     1 |       ||     1
         Distracted        |       |       |     1 ||     1
 Armour: Leather armour    |    26 |    29 |       ||    55
         Robe              |       |       |    48 ||    48
  Dodge: Dodged            |    52 |    87 |    74 ||   213
